 Dungeon Crawl Stone Soup version 0.30-a0-847-g17996783a1 (webtiles) character file.

Game seed: 13967574328778646840

13 holysushi the Cutter (level 2, 22/24 HPs)
             Began as a Demonspawn Monk on Mar 4, 2023.
             Quit the game on level 1 of the Dungeon.
             The game lasted 00:00:34 (327 turns).

holysushi the Cutter (Demonspawn Monk)               Turns: 327, Time: 00:00:34

Health: 22/24      AC:  2    Str: 11    XL:     2   Next: 24%
Magic:  2/2        EV: 12    Int: 11    God:
Gold:   30         SH:  0    Dex: 15    Spells: 1/1 levels left

rFire   . . .      SeeInvis .    a - +0 short sword
rCold   . . .      Faith    .    (no shield)
rNeg    . . .      Spirit   .    b - +0 robe
rPois   .          Reflect  .    (no helmet)
rElec   .          Rampage  .    (no cloak)
rCorr   .                        (no gloves)
Will    .....                    (no boots)
Stlth   ++                       (no amulet)
HPRegen 0.24/turn                (no ring)
MPRegen 0.08/turn                (no ring)

@: no status effects
A: sanguine armour 1
a: no special abilities


You were on level 1 of the Dungeon.
You visited 1 branch of the dungeon, and saw 1 of its levels.

You collected 30 gold pieces.

Inventory:

Hand Weapons
 a - a +0 short sword (weapon)
Armour
 b - a +0 robe (worn)
Scrolls
 e - a scroll of teleportation {unknown}
Potions
 c - a potion of ambrosia
 d - 2 potions of mutation {unknown}


   Skills:
 - Level 3.0 Fighting
 + Level 3.4 Short Blades
 - Level 2.6 Dodging
 - Level 1.7 Stealth


You had one spell level left.
You didn't know any spells.
Your spell library was empty.

Dungeon Overview and Level Annotations

Branches:
Dungeon (1/15) Zot: 5682

Altars:


Innate Abilities, Weirdness & Mutations

When seriously injured, your blood forms armour. (AC +0)


Message History

The kobold is severely wounded.
The kobold closely misses you. The rat bites you.
You barely miss the kobold.
The kobold is severely wounded.
The kobold hits you with a +0 short sword.
The rat closely misses you.
You hit the kobold.
You kill the kobold!
The rat closely misses you.
You closely miss the rat. You closely miss the rat. The rat bites you.
You closely miss the rat. The rat bites you but does no damage.
You hit the rat.
You kill the rat!
No target in view!
You see here a rat corpse.
No target in view!
No target in view!
A ball python comes into view.
A ball python is nearby!
A ball python is nearby!
A ball python is nearby!
The ball python hisses angrily.
The ball python bites you but does no damage.
The ball python grabs you. The ball python constricts you.
You see here a rat corpse.
You barely miss the ball python. The ball python closely misses you.
The ball python constricts you.
You escape the ball python's grasp.
The ball python closely misses you. The ball python barely misses you.
Things that are here:
a +0 short sword; 5 stones; a kobold corpse You barely miss the ball python.
The ball python closely misses you. The ball python grabs you.
The ball python constricts you.
You hit the ball python.
You kill the ball python!
No target in view!
You see here a ball python corpse.
No target in view!
Are you sure you want to abandon this character and quit the game? (Confirm with "yes".)

#....# ## #.... ..#.#
#.... #.#.# ###
#.#.#####.#.#...
#.#.##....... .
.#####.#.##.##..# .#
..........#.##..##.#
.......@†).........#
........#†#......###
........#.#####...###.#
......#.#.# #.......#
#.........# #...#####
#.....#.### #...# ##..#
#.# #...# #.. ..# #...#
# .#.#######...######


There were no monsters in sight!

Vanquished Creatures
  A ball python (D:1)
  2 goblins (D:1)
  A hobgoblin (D:1)
  A bat (D:1)
  5 kobolds (D:1)
  3 rats (D:1)
13 creatures vanquished.

Notes
Turn   | Place    | Note
-------+----------+-------------------------------------------
     0 | D:1      | holysushi the Demonspawn Monk began the quest for the Orb.
     0 | D:1      | Reached XP level 1. HP: 18/18 MP: 1/1
   178 | D:1      | Gained mutation: When seriously injured, your blood forms
                  | armour. (AC +0) [demonic ancestry]
   178 | D:1      | Reached XP level 2. HP: 15/24 MP: 2/2
   327 | D:1      | Quit the game

Illustrated notes

Levels and vault maps discovered:
D:1:      ebering_trefoil_twist, layout_loops_cross

Skill      XL: |  1 |
---------------+----+-----
Short Blades   | 3 |  3.4
Fighting       | |  3.0
Dodging        | |  2.6
Stealth        | |  1.7

Action                     || total
---------------------------++-------
  Melee: Short sword       ||    61
 Armour: Robe              ||    12
  Dodge: Dodged            ||    38

Table legend: (Time is in decaauts)
 A = Elapsed time spent in this place.
 B = Non-inter-level travel time spent in this place.
 C = Inter-level travel time spent in this place.
 D = Time resting spent in this place.
 E = Time spent auto-exploring this place.
 F = Levels seen in this place.
 G = Mean time per level.
                   A        B        C        D        E       F      G
               +--------+--------+--------+--------+--------+-----+--------+
         Total |    317 |    317 |      0 |      7 |    187 |   1 |  317.0 |
       Dungeon |    317 |    317 |      0 |      7 |    187 |   1 |  317.0 |
               +--------+--------+--------+--------+--------+-----+--------+

Top non-repeatable levels by time:
     D:1: 317 daAuts
